 Dungeon Crawl Stone Soup version 0.28.0-45-g0d030f2227 (webtiles) character file.

Game seed: 18164902576030733538

135 Descartes the Grasshopper (level 5, 0/38 HPs)
             Began as a Formicid Warper on Apr 1, 2022.
             Slain by a black bear (9 damage)
             ... on level 2 of the Dungeon.
             The game lasted 00:04:10 (4267 turns).

Descartes the Grasshopper (Formicid Warper)         Turns: 4267, Time: 00:04:11

Health: 0/38       AC:  6    Str: 15    XL:     5   Next: 41%
Magic:  8/8        EV: 11    Int: 15    God:
Gold:   144        SH:  0    Dex: 15    Spells: 8/8 levels left

rFire   . . .      SeeInvis +   a - +0 hand axe
rCold   . . .      Faith    .   (no shield)
rNeg    . . .      Spirit   .   k - +1 ring mail "Raveq" {Dex+5}
rPois   .          Reflect  .   (helmet unavailable)
rElec   .          Harm     .   (no cloak)
rCorr   .          Rampage  .   (no gloves)
Will    .....                   (no boots)
Stlth   +.........              (no amulet)
HPRegen 0.12/turn               (no ring)
MPRegen 0.11/turn               (no ring)

@: no status effects
A: permanent stasis, dig shafts and tunnels, antennae 3, four strong arms
a: Dig, Shaft Self


You were on level 2 of the Dungeon.
You visited 1 branch of the dungeon, and saw 3 of its levels.

You collected 144 gold pieces.

Inventory:

Hand Weapons
 a - a +0 hand axe (weapon)
Missiles
 c - 5 boomerangs of dispersal (quivered)
 d - 6 stones
Armour
 b - a +0 leather armour
 i - a +0 chain mail
 k - the +1 ring mail "Raveq" (worn) {Dex+5}
   (You found it on level 3 of the Dungeon)

   Dex:       It affects your dexterity (+5).
Scrolls
 e - 3 scrolls of identify {unknown}
 g - a scroll of immolation {unknown}
 h - 2 scrolls of fog {unknown}
Potions
 f - 2 potions of mutation {unknown}
 j - a potion of magic {unknown}


   Skills:
 - Level 2.1 Fighting
 + Level 3.4 Axes
 - Level 1.0 Throwing
 + Level 3.1 Armour
 - Level 1.7 Dodging
 - Level 2.1 Spellcasting
 + Level 3.7 Translocations


You had 8 spell levels left.
You didn't know any spells.
Your spell library contained the following spells:

 Spells                   Type           Power      Damage    Failure   Level
 Gell's Gravitas          Tloc           12%        N/A       26%         3
 Lesser Beckoning         Tloc           12%        N/A       26%         3
 Teleport Other           Tloc           12%        N/A       26%         3
 Pain                     Necr           4%         1d4       38%         1
 Manifold Assault         Tloc           12%        N/A       94%         5
 Agony                    Necr           1%         N/A       100%        5
 Excruciating Wounds      Necr           0%         N/A       100%        5
 Blink                    Tloc           Unusable   N/A       N/A         2

Dungeon Overview and Level Annotations

Branches:
Dungeon (3/15)

Altars:

Annotations:
D:2 1 runed translucent door, Crazy Yiuf
D:3 3 runed translucent doors, bargaw's ghost, amateur GrBe


Innate Abilities, Weirdness & Mutations

You cannot be hasted, slowed, berserked, paralysed or teleported.
You can dig through walls and to a lower floor.
You have a pair of large antennae on your head. (SInv)
Your four strong arms can wield two-handed weapons with a shield.


Message History

The black bear is moderately wounded.
The black bear bites you. The black bear claws you.
The black bear claws you but does no damage.
You hit the black bear.
The black bear is moderately wounded.
The black bear bites you but does no damage.
The black bear barely misses you. x2
You hit the black bear but do no damage.
The black bear is moderately wounded.
The black bear bites you but does no damage.
The black bear closely misses you.
The black bear claws you but does no damage.
You hit the black bear.
The black bear is heavily wounded.
The black bear closely misses you.
The black bear claws you but does no damage.
The black bear misses you.
You hit the black bear.
The black bear is severely wounded.
The black bear bites you.
The black bear claws you but does no damage.
The black bear claws you.
* * * LOW HITPOINT WARNING * * *
You closely miss the black bear.
The black bear is severely wounded.
The black bear bites you but does no damage.
The black bear barely misses you. The black bear misses you.
You hit the black bear.
The black bear is severely wounded.
The black bear goes berserk!
You hit the black bear but do no damage.
The black bear is severely wounded.
The black bear barely misses you.
The black bear claws you but does no damage.
The black bear claws you.
* * * LOW HITPOINT WARNING * * *
The black bear closely misses you.
The black bear claws you but does no damage. x2
The black bear bites you!
You die...

## ### .######## #.#
........##############.#
.###............@h.....#
.# #.##.##############.#
.# #.##.# #.# .# #.##.#
#.# .# #.##.##### #.# .#
#.#......# #.#
.###.#......##########.#
.............>.........#
.###.#......#.############


You could see a black bear (berserk).

Vanquished Creatures
  Natasha (twice) (D:3)
  3 adders
  2 ball pythons (D:2)
  A bat (D:2)
  6 endoplasms
  5 giant cockroaches
  2 goblins
  6 hobgoblins
  10 jackals (D:2)
  4 quokkas
  3 frilled lizards
  3 kobolds
  2 rats
49 creatures vanquished.

Notes
Turn   | Place    | Note
-------+----------+-------------------------------------------
     0 | D:1      | Descartes the Formicid Warper began the quest for the Orb.
     0 | D:1      | Reached XP level 1. HP: 16/16 MP: 3/3
   668 | D:1      | Reached XP level 2. HP: 22/22 MP: 5/5
  1899 | D:2      | Reached XP level 3. HP: 24/27 MP: 6/6
  2366 | D:2      | Reached XP level 4. HP: 20/33 MP: 7/7
  2604 | D:2      | Found a faded altar of an unknown god.
  2961 | D:2      | Found a runed translucent door.
  2962 | D:2      | Noticed Crazy Yiuf
  3300 | D:3      | Found a runed translucent gate.
  3300 | D:3      | Noticed bargaw's ghost (amateur GrBe)
  3301 | D:3      | Found a runed translucent gate.
  3302 | D:3      | Found a runed translucent gate.
  3304 | D:3      | Identified the +1 leather armour "Afraz" {Str-2 Dex+2
                  | Slay+5}
  3313 | D:3      | Identified the +1 ring mail "Raveq" {Dex+5}
  3479 | D:3      | Noticed Natasha
  3492 | D:3      | Killed Natasha
  3493 | D:3      | Reached XP level 5. HP: 13/38 MP: 8/8
  3881 | D:3      | Noticed Natasha
  3903 | D:3      | Killed Natasha
  4171 | D:3      | Noticed a black bear
  4267 | D:2      | Slain by a black bear

Illustrated notes

Levels and vault maps discovered:
D:1:      ebering_hopf_link, layout_basic, st_stairs_6
D:2:      layout_basic, shapermc_ecumenical_altar_mp_vishouse,
          uniq_crazy_yiuf_cottage
D:3:      layout_basic, biasface_ghost_orc_armoury,
          kennysheep_decorative_pillar, uniq_natasha

Skill      XL: |  1  2  3  4  5 |
---------------+----------------+-----
Translocations | 3 |  3.7
Armour         | 2 3 |  3.1
Axes           | 3 |  3.4
Fighting       | |  2.1
Throwing       | |  1.0
Dodging        | |  1.7
Spellcasting   | |  2.1

Action                   |  1- 3 |  4- 6 || total
-------------------------+-------+-------++-------
Melee: Hand axe          |   146 |   104 ||   250
       Punch             |     1 |     3 ||     4
Armor: Leather armour    |    18 |       ||    18
       Chain mail        |    87 |    32 ||   119
       Ring mail         |       |    38 ||    38
Dodge: Dodged            |    75 |    72 ||   147
